 Dungeon Crawl Stone Soup version 0.19-a0-1834-g6b7851e (webtiles) character file.

11046 Lochraine the Grappler (level 11, -3/107 HPs)
             Began as a Troll Hunter on Oct 8, 2016.
             Was a High Priest of Makhleb.
             Slain by a blink frog (9 damage)
             ... on level 1 of the Lair of Beasts on Oct 9, 2016.
             The game lasted 00:51:14 (9553 turns).

Lochraine the Grappler (Troll Hunter)               Turns: 9553, Time: 00:51:15

Health: -3/107     AC:  8    Str: 22    XL:     11   Next: 44%
Magic:  13/13      EV: 13    Int:  7    God:    Makhleb [*****.]
Gold:   112        SH:  0    Dex: 13    Spells: 1 memorised, 14 levels left

rFire  + + .     SeeInvis .       - Unarmed
rCold  + . .     Gourm    +     W - +2 robe {rC+ rF+}
rNeg   . . .     Faith    +     (no shield)
rPois  .         Spirit   .     E - +0 hat
rElec  .         Dismiss  .     j - +0 cloak
rCorr  .         Reflect  .     (gloves unavailable)
MR     .....     Harm     .     (boots unavailable)
Stlth  +.........               u - amulet of faith
                                D - ring of wizardry
                                N - ring of protection from fire

@: exhausted, slowed, very slow
A: unfitting armour, claws 3, fast metabolism 3, gourmand, regeneration 1,
shaggy fur 1, tough skin 2
a: Minor Destruction, Lesser Servant of Makhleb, Major Destruction, Greater
Servant of Makhleb, Renounce Religion


You were on level 1 of the Lair of Beasts.
You worshipped Makhleb.
Makhleb was extremely pleased with you.
You were completely stuffed.

You visited 2 branches of the dungeon, and saw 11 of its levels.
You also visited: Ossuary.

You collected 472 gold pieces.
You spent 360 gold pieces at shops.

Inventory:

Hand Weapons
 a - a +0 short sword
Missiles
 c - 5 large rocks (quivered)
 d - 7 throwing nets
Armour
 j - a +0 cloak (worn)
 E - a +0 hat (worn)
 W - a +2 robe of resistance (worn)
Jewellery
 o - an uncursed ring of flight
 u - an amulet of faith (around neck)
 D - a ring of wizardry (right claw)
 I - an uncursed ring of magical power
 N - a ring of protection from fire (left claw)
 P - an uncursed amulet of regeneration
Wands
 t - a wand of slowing (14/48)
 v - a wand of polymorph (11/24)
 x - a wand of flame (25/48)
Scrolls
 e - 3 scrolls of identify
 g - 3 scrolls of magic mapping
 h - a scroll of noise
 i - 3 scrolls of amnesia
 l - 4 scrolls of teleportation
 m - 2 scrolls of remove curse
 q - 5 scrolls of immolation
 r - 2 scrolls of recharging {unknown}
 y - a scroll of enchant armour {unknown}
 F - a scroll of enchant weapon {unknown}
 G - 2 scrolls of fog {unknown}
Potions
 b - 2 potions of agility
 n - 2 potions of flight
 p - a potion of brilliance
 w - 3 potions of curing
 z - a potion of mutation
 A - 2 potions of magic {unknown}
 B - 3 potions of degeneration
 C - 3 potions of lignification
 H - 2 potions of haste {unknown}
 K - a potion of might {unknown}
 S - a potion of cure mutation {unknown}
 U - a potion of cancellation {unknown}
Books
 J - a book of Callings

   Spells                             Type                      Level
   a - Summon Small Mammal            Summoning                    1
   b - Call Imp                       Summoning                    2
   c - Call Canine Familiar           Summoning                    3
   d - Summon Guardian Golem          Hexes/Summoning              3
   e - Summon Lightning Spire         Summoning/Air                4
   f - Summon Ice Beast               Ice/Summoning                4
 Q - a book of Necromancy

   Spells                             Type                      Level
   a - Pain                           Necromancy                   1
   b - Animate Skeleton               Necromancy                   1
   c - Vampiric Draining              Necromancy                   3
   d - Regeneration                   Charms/Necromancy            3
   e - Animate Dead                   Necromancy                   4
   f - Control Undead                 Necromancy                   4
 R - a book of Power

   Spells                             Type                      Level
   a - Fulminant Prism                Conjuration/Hexes            4
   b - Iskenderun's Mystic Blast      Conjuration                  4
   c - Venom Bolt                     Conjuration/Poison           5
   d - Bolt of Magma                  Conjuration/Fire/Earth       5
   e - Iron Shot                      Conjuration/Earth            6
   f - Orb of Destruction             Conjuration                  7
   g - Spellforged Servitor           Conjuration/Summoning        7
 T - a book of Cantrips

   Spells                             Type                      Level
   a - Confusing Touch                Hexes                        1
   b - Animate Skeleton               Necromancy                   1
   c - Summon Small Mammal            Summoning                    1
   d - Apportation                    Translocation                1
Comestibles
 f - 12 bread rations
 k - 4 beef jerkies
 s - 2 meat rations
 L - 3 royal jellies
 O - 5 slices of pizza
 V - 4 chunks of flesh
 X - 3 fruits


   Skills:
 - Level 6.4 Fighting
 - Level 3.6 Throwing
 + Level 4.0 Armour
 - Level 7.0 Dodging
 - Level 0.3 Stealth
 - Level 10.8 Unarmed Combat
 - Level 2.6 Spellcasting
 - Level 3.5 Necromancy
 - Level 4.4 Invocations


You had 14 spell levels left.
You knew the following spells:

 Your Spells              Type           Power        Failure   Level  Hunger
a - Animate Skeleton      Necr           N/A          4%          1    ##.....


Dungeon Overview and Level Annotations

Branches:
Dungeon (10/15)            Temple (0/1) D:5            Lair (1/6) D:10
    Orc: D:9-12

Altars:
Cheibriados
Fedhas
Gozag
Hepliaklqana
Kikubaaqudgha
Makhleb
Nemelex Xobeh
Uskayaw
Vehumet
Xom
Zin
The Shining One
Beogh

Shops:
D:2 *   D:7 =

Annotations:
D:4 Pikel
D:7 exclusion: oklob plant


Innate Abilities, Weirdness & Mutations

You are too large for most types of armour.
You have claws for hands.
Your metabolism is lightning-fast.
You like to eat raw meat.
Your natural rate of healing is unusually fast.
You are covered in fur. (AC +1)
You have very tough skin. (AC +2)


Message History

Okay, then.
Unknown command.
Evoke which item? (* to show all) (? for menu, Esc to quit)
Okay, then.
A red film seems to cover your vision as you go berserk!
You feel yourself moving faster!
You feel mighty! The blink frog barely misses you.
The blink frog hits you but does no damage.
The blink frog hits you!
* * * LOW HITPOINT WARNING * * *
Unknown command.
You feel a strong urge to attack something.
The blink frog blinks! x2; The blink frog barely misses you.
The blink frog blinks!
You feel your anger subside.
You are no longer berserk.
You are exhausted.
You feel yourself slow down.
The blink frog blinks!
The blink frog blinks! x2
The blink frog hits you!
You die...

#...[. ..
#....##.##
#....#....
#......... ###
##.........
.###..##.F........
.............P#P+#
........F.@F......
....F.######......
..ยง.. ..... ....
.... ... ... .. ..
. .


You could see 4 blink frogs.

Vanquished Creatures
  Gastronok (D:8)
  Harold (D:10)
  An unseen horror (D:10)
  A hill giant (D:10)
  A centaur zombie (Ossuary)
  A spiny frog (Lair:1)
  Grinder (D:5)
  3 hippogriffs
  A spriggan (D:10)
  A hungry ghost (D:9)
  2 water moccasins
  2 orc warriors
  5 phantoms
  4 slaves (D:5)
  An ice beast (D:7)
  3 sky beasts
  Duvessa (D:5)
  A hornet zombie (D:8)
  A black bear (D:10)
  3 ogres
  A centaur (D:7)
  5 bullfrogs
  A gnoll sergeant (D:9)
  A wyvern zombie (Ossuary)
  Dowan (D:5)
  A wyvern skeleton (D:6)
  4 scorpions
  4 wights (D:10)
  3 spriggan skeletons (D:10)
  2 electric eels (D:6)
  A troll skeleton (D:10)
  2 howler monkeys (D:6)
  5 crimson imps
  5 bullfrog zombies
  14 orc wizards
  7 orc priests
  4 hounds
  2 jellies
  3 bullfrog skeletons
  5 centaur skeletons
  3 iguanas (D:8)
  7 worker ants
  2 hound zombies (Ossuary)
  15 mummies (Ossuary)
  2 howler monkey zombies
  3 worker ant zombies
  5 gnolls (D:9)
  7 adders
  5 river rats (D:7)
  A shadow imp (D:9)
  An adder zombie (Ossuary)
  4 adder skeletons
  5 worms
  2 dart slugs (D:1)
  9 leopard geckos
  54 orcs
  2 ball pythons (D:3)
  4 giant cockroaches
  13 goblins
  12 hobgoblins
  6 jackals
  11 kobolds
  2 quokkas
  9 bats
  6 frilled lizards
  3 leopard gecko zombies (Ossuary)
  2 quokka zombies (Ossuary)
  34 rats
335 creatures vanquished.

Vanquished Creatures (collateral kills)
  A hydra (Lair:1)
  Psyche (D:9)
  2 wargs (D:10)
  An orc warrior (D:10)
  A big kobold (D:8)
  A wight (D:10)
  A crimson imp (D:9)
  A hound (D:8)
  4 orc priests
  2 orcs (D:10)
  2 kobolds (D:8)
17 creatures vanquished.

Vanquished Creatures (others)
  An orc (D:6)
  2 fungi (D:7)
  2 plants
  12 toadstools (D:7)
  A withered plant (Ossuary)
18 creatures vanquished.

Grand Total: 370 creatures vanquished

Notes
Turn   | Place    | Note
-------+----------+-------------------------------------------
     0 | D:1      | Lochraine the Troll Hunter began the quest for the Orb.
     0 | D:1      | Reached XP level 1. HP: 19/19 MP: 0/0
    20 | D:1      | Reached skill level 1 in Unarmed Combat
    77 | D:1      | Reached XP level 2. HP: 19/27 MP: 1/1
   186 | D:1      | Reached skill level 2 in Unarmed Combat
   454 | D:1      | Reached XP level 3. HP: 31/33 MP: 2/2
   646 | D:1      | Reached skill level 3 in Unarmed Combat
   934 | D:2      | Reached XP level 4. HP: 41/41 MP: 3/3
  1203 | D:2      | Found a glowing golden altar of the Shining One.
  1322 | D:2      | Found Zin's Purification Station.
  1322 | D:2      | Found a glowing silver altar of Zin.
  1407 | D:3      | Reached skill level 4 in Unarmed Combat
  1495 | D:3      | Reached XP level 5. HP: 42/50 MP: 4/4
  1747 | D:3      | Found a shimmering altar of Xom.
  1747 | D:3      | Found a burning altar of Makhleb.
  1765 | D:3      | Became a worshipper of Makhleb the Destroyer
  1943 | D:3      | Found a sparkling altar of Nemelex Xobeh.
  1944 | D:3      | Found an opulent altar of Gozag.
  2150 | D:4      | Found an ancient bone altar of Kikubaaqudgha.
  2218 | D:4      | Reached XP level 6. HP: 58/59 MP: 5/5
  2230 | D:4      | Found a sand-covered staircase.
  2255 | Ossuary  | Entered an ossuary
  2262 | Ossuary  | Reached skill level 5 in Unarmed Combat
  2294 | Ossuary  | Reached * piety under Makhleb
  2298 | Ossuary  | Reached skill level 6 in Unarmed Combat
  2298 | Ossuary  | Reached XP level 7. HP: 22/66 MP: 6/6
  2602 | Ossuary  | Reached skill level 7 in Unarmed Combat
  2623 | Ossuary  | Reached XP level 8. HP: 74/74 MP: 7/7
  2732 | D:4      | Reached ** piety under Makhleb
  2956 | D:4      | Reached skill level 5 in Dodging
  3183 | D:4      | Found a snail-covered altar of Cheibriados.
  3183 | D:4      | Found a hazy altar of Hepliaklqana.
  3183 | D:4      | Found a radiant altar of Vehumet.
  3186 | D:4      | Found a hide-covered altar of Uskayaw.
  3351 | D:5      | Entered Level 5 of the Dungeon
  3381 | D:5      | Found a staircase to the Ecumenical Temple.
  3400 | D:5      | Reached skill level 1 in Invocations
  3529 | D:5      | Noticed Duvessa
  3529 | D:5      | Noticed Dowan
  3590 | D:5      | Reached skill level 8 in Unarmed Combat
  3605 | D:5      | Noticed Grinder
  3617 | D:5      | Killed Grinder
  3701 | D:5      | Found a runed door.
  3710 | D:5      | Killed Duvessa
  3735 | D:5      | Killed Dowan
  3966 | D:5      | Noticed Pikel
  4012 | D:4      | HP: 2/74 [Pikel/whip of electrocution (13)]
  4316 | D:4      | Reached XP level 9. HP: 67/80 MP: 10/10
  4492 | D:5      | Reached *** piety under Makhleb
  4517 | D:5      | Reached skill level 9 in Unarmed Combat
  4750 | D:5      | Found a roughly hewn altar of Beogh.
  5130 | D:6      | Reached **** piety under Makhleb
  5836 | D:7      | Reached ***** piety under Makhleb
  6107 | D:7      | Found a blossoming altar of Fedhas.
  6126 | D:7      | Noticed an oklob plant
  6264 | D:7      | Found Fuheutt's Jewellery Boutique.
  6280 | D:7      | Bought an uncursed amulet of regeneration for 360 gold pieces
  6343 | D:7      | Learned a level 1 spell: Animate Skeleton
  6461 | D:7      | Reached XP level 10. HP: 69/94 MP: 12/12
  6627 | D:7      | Reached skill level 1 in Necromancy
  6659 | D:8      | Noticed Gastronok
  6669 | D:8      | Reached skill level 1 in Spellcasting
  6800 | D:8      | Killed Gastronok
  6962 | D:8      | Reached skill level 5 in Fighting
  7836 | D:9      | Noticed Psyche
  7848 | D:9      | Killed Psyche
  8449 | D:9      | Reached skill level 10 in Unarmed Combat
  8564 | D:10     | Entered Level 10 of the Dungeon
  8623 | D:10     | Killed an unseen horror
  8623 | D:10     | Reached XP level 11. HP: 41/105 MP: 13/13
  8913 | D:10     | Reached skill level 1 in Armour
  9087 | D:10     | Noticed a hill giant
  9099 | D:10     | Killed a hill giant
  9144 | D:10     | Found a staircase to the Lair.
  9387 | D:10     | Noticed Harold
  9400 | D:10     | Killed Harold
  9528 | Lair:1   | Entered Level 1 of the Lair of Beasts
  9534 | Lair:1   | Noticed an eight-headed hydra
  9545 | Lair:1   | Killed an eight-headed hydra
  9548 | Lair:1   | HP: 3/160 [blink frog (9)]
  9553 | Lair:1   | Slain by a blink frog

Vault maps used:
D:1:      minmay_arrival_glassed_features
D:2:      nicolae_overflow_crystal_walls, zin_purify, guppyfry_early_orc_mine
D:3:      grunt_temple_overflow_champion_of_chaos,
          grunt_temple_overflow_opulence, dk_noncrumbling_2
D:4:      minitemple, kiku_gazebo_garden_becter, first_bread, enter_ossuary_2,
          dk_noncrumbling_4
D:5:      lightli_church_of_beogh, uniq_grinder, uniq_pikel, uniq_duvessa
D:6:      serial_bayou_lagoon_b
D:7:      lemuel_ratsnest, tgw_fedhas, serial_shops,
          nicolae_shop_competitors_out_of_business
D:8:      uniq_gastronok
D:9:      uniq_psyche
D:10:     erik_lair_orcish_takeover, the_bakery, hangedman_tell_no_tales,
          uniq_harold
Lair:1:   basic_altar, serial_bayou_pond_d
Ossuary:  ossuary_zaba_flooded

Skill      XL: |  1  2  3  4  5  6  7  8  9 10 11 |
---------------+----------------------------------+-----
Unarmed Combat | 1 2 3 4 6 7 8 9 10 | 10.8
Fighting       | 2 4 6 |  6.4
Dodging        | 2 3 4 5 7 |  7.0
Invocations    | 3 4 |  4.4
Necromancy     | 3 |  3.5
Spellcasting   | 2 |  2.6
Armour         | 4 |  4.0
Throwing       | |  3.6
Stealth        | |  0.3

Action                   |  1- 3 |  4- 6 |  7- 9 | 10-12 || total
-------------------------+-------+-------+-------+-------++-------
Melee: Unarmed           |   105 |   155 |   494 |   305 ||  1059
       Punch             |       |     5 |    13 |    14 ||    32
Throw: Large rock        |     1 |       |       |       ||     1
Invok: Minor Destruction |       |       |    35 |    33 ||    68
       Lesser Servant of |       |       |     1 |     9 ||    10
 Abil: Evoke Flight      |       |       |     2 |       ||     2
       Stop Flying       |       |       |     1 |       ||     1
  Use: Scroll            |       |     5 |     9 |     2 ||    16
       Potion            |       |     2 |     3 |     3 ||     8
 Stab: Sleeping          |       |     3 |     1 |       ||     4
       Distracted        |       |       |     1 |     1 ||     2
  Eat: Chunk             |    13 |    13 |    40 |    31 ||    97
Armor: Robe              |    43 |    40 |    94 |    96 ||   273
       Skin              |       |    13 |     9 |       ||    22
Dodge: Dodged            |    58 |    45 |   207 |   175 ||   485
